 Dungeon Crawl Stone Soup version bcrawl-1.27.1b (webtiles) character file.

Game seed: 1951442352026361796

199088 pasperui the Ducker (level 6, -1/53 HPs)
             Began as a Gnoll Reaver on July 20, 2020.
             Was a Follower of Vehumet.
             Shot with an arrow by a centaur (7 damage)
             ... on level 5 of the Dungeon.
             The game lasted 00:07:17 (2858 turns).

pasperui the Ducker (Gnoll Reaver)                  Turns: 2858, Time: 00:07:17

Health: -1/53      AC:  6    Str: 15    XL:     6   Next: 68%
Magic:  14/14      EV: 16    Int: 16    God:    Vehumet [*.....]
Gold:   237        SH:  2    Dex: 14    Spells: 15/15 levels left

rFire    . . .     SeeInvis .   a - +0 long sword
rCold    . . .     Gourm    .   (no shield)
rNeg     . . .     Faith    .   b - +0 steam dragon scales
rPois    .         Spirit   .   (no helmet)
rElec    .         Reflect  .   (no cloak)
rCorr    .         Harm     .   (no gloves)
MR       .....                  w - +0 pair of boots
Stlth    ++........             k - amulet of rage
HPRegen  0.17/turn              (no ring)
MPRegen  0.14/turn              (no ring)

@: slowed, very slow
A: distributed training, fangs 1, strong nose
a: Renounce Religion, Evoke Berserk Rage


You were on level 5 of the Dungeon.
You worshipped Vehumet.
Vehumet was aware of your devotion.
You were hungry.

You visited 1 branch of the dungeon, and saw 5 of its levels.

You collected 237 gold pieces.

Inventory:

Hand Weapons
 a - a +0 long sword (weapon)
 D - a +0 longbow
Missiles
 j - 500 stones (quivered)
 l - 532 sling bullets
 m - 159 arrows
 y - a throwing net {=f}
Armour
 b - +0 steam dragon scales (worn)
 w - a +0 pair of boots (worn)
Jewellery
 k - an amulet of rage (around neck)
Wands
 v - a wand of random effects (8)
Scrolls
 d - 3 scrolls of immolation
 h - a scroll of enchant armour {unknown}
 o - a scroll of teleportation {unknown}
 q - 3 scrolls of identify
 s - a scroll of fear {unknown}
 t - a scroll of blinking {unknown}
 A - a scroll of remove curse {unknown}
Potions
 c - 3 potions of haste
 f - 3 potions of flight {unknown}
 g - 2 potions of lignification {unknown}
 i - a potion of invisibility {unknown}
 n - a potion of cancellation {unknown}
 p - a potion of might {unknown}
 r - 2 potions of agility {unknown}
 u - 2 potions of brilliance {unknown}
 x - a potion of heal wounds {unknown}
 z - a potion of mutation {unknown}
 C - a potion of resistance {unknown}
Comestibles
 e - 10 rations {!d}
 B - a chunk of flesh


   Skills:
 + Level 6.8 Fighting
 + Level 2.0 Short Blades
 + Level 6.8 Long Blades
 + Level 2.0 Axes
 + Level 2.0 Maces & Flails
 + Level 2.0 Polearms
 + Level 2.0 Staves
 + Level 2.0 Slings
 + Level 2.0 Bows
 + Level 2.0 Crossbows
 + Level 2.0 Throwing
 + Level 2.0 Armour
 + Level 6.8 Dodging
 + Level 2.0 Stealth
 + Level 2.0 Shields
 + Level 2.0 Unarmed Combat
 + Level 5.4 Spellcasting
 + Level 1.6 Conjurations
 + Level 1.6 Hexes
 + Level 1.6 Charms
 + Level 1.6 Summonings
 + Level 1.6 Necromancy
 + Level 1.6 Translocations
 + Level 1.6 Transmutations
 + Level 1.6 Fire Magic
 + Level 1.6 Ice Magic
 + Level 1.6 Air Magic
 + Level 1.6 Earth Magic
 + Level 1.6 Poison Magic
 + Level 2.2 Invocations
 + Level 2.0 Evocations


You had 15 spell levels left.
You didn't know any spells.
Your spell library contained the following spells:

 Spells                   Type           Power        Failure   Level  Hunger
 Freeze                   Ice            #.....       2%          1    None
 Iskenderun's Battlesphe  Conj/Chrm      #.......     47%         5    ######.


Dungeon Overview and Level Annotations

Branches:
Dungeon (5/12)
 Temple: D:4-7

Altars:
Cheibriados
Fedhas
Hepliaklqana
Lugonu
Nemelex Xobeh
Okawaru
Qazlal
Ru
Uskayaw
Wu Jian
Xom
Yredelemnul
The Shining One


Innate Abilities, Weirdness & Mutations

Your experience applies equally to all skills.
You have very sharp teeth.
Your uncanny sense of smell can sniff out nearby items.


Message History

The centaur shoots an arrow.
The arrow misses you.
The centaur shoots an arrow.
The arrow misses you.
The centaur shoots an arrow.
The arrow hits you!
The centaur shoots an arrow.
The arrow misses you.
The orc wizard mumbles some strange words.
The orc wizard blinks!
The orc wizard barely misses you.
The centaur shoots an arrow.
The arrow hits you!
* * * LOW HITPOINT WARNING * * *
The centaur shoots an arrow.
The arrow hits you.
* * * LOW HITPOINT WARNING * * *
The centaur shoots an arrow.
The arrow closely misses you.
The centaur shoots an arrow.
The arrow hits you but does no damage.
The centaur shoots an arrow.
The arrow hits you.
* * * LOW HITPOINT WARNING * * *
The orc wizard points at you and mumbles some strange words.
You feel yourself slow down.
An adder skeleton comes into view.
The centaur shoots an arrow.
The arrow hits you!
You die...

#..##.# ##...##.### ...#...
#...##.c..# .....# .O
.....#.......# ....#
......#.#......###
...######..##.# ##........#
.....##...###.# #.o.......#
.........##...###.........#
.........##.)...#....)..###
..........#.....@...#.....#
........................####
.........##........##......#
.........##........##......#
..............#....#..#.#..#
.......................#####
.........#............##
#...#######.....Z.....#
##..# #..........##


You could see a centaur, an orc wizard and an adder skeleton (wandering).

Vanquished Creatures
  2 crimson imps (D:4)
  A hound (D:4)
  A gnoll shaman (D:4)
  Terence (D:3)
  2 orc wizards
  A worker ant (D:4)
  A hound zombie (D:5)
  A hound skeleton (D:4)
  3 adders
  2 oozes
  6 worms
  7 leopard geckos
  5 orcs
  5 bats
  2 giant cockroaches
  4 hobgoblins
  3 jackals (D:3)
  2 quokkas
  A ball python (D:3)
  3 frilled lizards
  A jackal zombie (D:5)
  7 kobolds
  5 rats
66 creatures vanquished.

Notes
Turn   | Place    | Note
-------+----------+-------------------------------------------
     0 | D:1      | pasperui the Gnoll Reaver began the quest for the Orb.
     0 | D:1      | Reached XP level 1. HP: 23/23 MP: 6/6
   151 | D:1      | Reached XP level 2. HP: 29/29 MP: 7/7
   322 | D:1      | Reached XP level 3. HP: 35/35 MP: 9/9
   331 | D:1      | Reached skill level 5 in Spellcasting
   444 | D:1      | Reached * piety under Vehumet
   444 | D:1      | Offered knowledge of Freeze by Vehumet.
   713 | D:2      | Found a sparkling altar of Nemelex Xobeh.
   714 | D:2      | Found a glowing golden altar of the Shining One.
   714 | D:2      | Found a stormy altar of Qazlal.
   718 | D:2      | Found a shimmering altar of Xom.
   718 | D:2      | Found a snail-covered altar of Cheibriados.
   719 | D:2      | Found an ornate altar of the Wu Jian Council.
   738 | D:2      | Found a basalt altar of Yredelemnul.
   815 | D:2      | Found a hide-covered altar of Uskayaw.
   981 | D:2      | Found a sacrificial altar of Ru.
   998 | D:2      | Reached skill level 1 in Short Blades
   998 | D:2      | Reached skill level 1 in Axes
   998 | D:2      | Reached skill level 1 in Maces & Flails
   998 | D:2      | Reached skill level 1 in Polearms
   998 | D:2      | Reached skill level 1 in Staves
   998 | D:2      | Reached skill level 1 in Slings
   998 | D:2      | Reached skill level 1 in Bows
   998 | D:2      | Reached skill level 1 in Crossbows
   998 | D:2      | Reached skill level 1 in Throwing
   998 | D:2      | Reached skill level 1 in Armour
   998 | D:2      | Reached skill level 1 in Stealth
   998 | D:2      | Reached skill level 1 in Shields
   998 | D:2      | Reached skill level 1 in Unarmed Combat
   998 | D:2      | Reached skill level 1 in Invocations
   998 | D:2      | Reached skill level 1 in Evocations
   998 | D:2      | Reached XP level 4. HP: 39/41 MP: 11/11
  1175 | D:3      | Noticed Terence
  1188 | D:3      | Killed Terence
  1188 | D:3      | Reached skill level 1 in Conjurations
  1188 | D:3      | Reached skill level 1 in Hexes
  1188 | D:3      | Reached skill level 1 in Charms
  1188 | D:3      | Reached skill level 1 in Summonings
  1188 | D:3      | Reached skill level 1 in Necromancy
  1188 | D:3      | Reached skill level 1 in Translocations
  1188 | D:3      | Reached skill level 1 in Transmutations
  1188 | D:3      | Reached skill level 1 in Fire Magic
  1188 | D:3      | Reached skill level 1 in Ice Magic
  1188 | D:3      | Reached skill level 1 in Air Magic
  1188 | D:3      | Reached skill level 1 in Earth Magic
  1188 | D:3      | Reached skill level 1 in Poison Magic
  1485 | D:3      | Reached XP level 5. HP: 36/47 MP: 12/12
  1558 | D:3      | Found a corrupted altar of Lugonu.
  2108 | D:4      | Reached XP level 6. HP: 32/53 MP: 13/13
  2302 | D:4      | Found an iron altar of Okawaru.
  2691 | D:4      | Found a blossoming altar of Fedhas.
  2692 | D:4      | Found a hazy altar of Hepliaklqana.
  2760 | D:5      | Entered Level 5 of the Dungeon
  2844 | D:5      | Noticed a sky beast
  2858 | D:5      | Shot with an arrow by a centaur

Skill      XL: |  1  2  3  4  5  6 |
---------------+-------------------+-----
Spellcasting   | 5 |  5.4
Short Blades   | 1 2 |  2.0
Axes           | 1 2 |  2.0
Maces & Flails | 1 2 |  2.0
Polearms       | 1 2 |  2.0
Staves         | 1 2 |  2.0
Slings         | 1 2 |  2.0
Bows           | 1 2 |  2.0
Crossbows      | 1 2 |  2.0
Throwing       | 1 2 |  2.0
Armour         | 1 2 |  2.0
Stealth        | 1 2 |  2.0
Shields        | 1 2 |  2.0
Unarmed Combat | 1 2 |  2.0
Invocations    | 1 2 |  2.2
Evocations     | 1 2 |  2.0
Conjurations   | 1 |  1.6
Hexes          | 1 |  1.6
Charms         | 1 |  1.6
Summonings     | 1 |  1.6
Necromancy     | 1 |  1.6
Translocations | 1 |  1.6
Transmutations | 1 |  1.6
Fire Magic     | 1 |  1.6
Ice Magic      | 1 |  1.6
Air Magic      | 1 |  1.6
Earth Magic    | 1 |  1.6
Poison Magic   | 1 |  1.6
Fighting       | |  6.8
Long Blades    | |  6.8
Dodging        | |  6.8

Action                   |  1- 3 |  4- 6 || total
-------------------------+-------+-------++-------
Melee: Long sword        |    95 |   185 ||   280
       Bite              |     8 |    20 ||    28
       Punch             |       |     1 ||     1
 Stab: Sleeping          |     2 |     4 ||     6
       Paralysed         |     2 |       ||     2
  Eat: Chunk             |     2 |     3 ||     5
       Ration            |       |     2 ||     2
Armor: Steam dragon scal |    28 |    26 ||    54
Dodge: Dodged            |    71 |   130 ||   201
Block: Other             |     4 |     8 ||    12
